 Dungeon Crawl Stone Soup version 0.30.0-29-ga12c61a403 (webtiles) character file.

Game seed: 13027228931263450845

51 boopmooplesden the Trooper (level 3, 0/33 HPs)
             Began as a Draconian Berserker on June 22, 2023.
             Was a Believer of Trog.
             Slain by a goblin
             ... wielding a +0 club
             ... led by Robin
              (5 damage)
             ... on level 2 of the Dungeon.
             The game lasted 00:01:08 (545 turns).

boopmooplesden the Trooper (Draconian Berserker)     Turns: 545, Time: 00:01:08

Health: 0/33       AC:  5    Str: 21    XL:     3   Next: 58%
Magic:  3/3        EV: 12    Int:  7    God:    Trog [**....]
Gold:   43         SH:  3    Dex: 10    Spells: 2/2 levels left

rFire   . . .        a - +0 spear
rCold   . . .        b - +0 buckler
rNeg    . . .        (body armour unavailable)
rPois   .            (helmet restricted)
rElec   .            (no cloak)
rCorr   .            (no gloves)
SInv    .            (no boots)
Will    .....        (no amulet)
Stlth   +            (no ring)
HPRegen 0.25/turn    (no ring)
MPRegen 0.08/turn

%: no passive effects
@: on berserk cooldown, slowed, very slow
A: AC +5, unfitting armour, cold-blooded
a: Renounce Religion, Berserk, Trog's Hand


You were on level 2 of the Dungeon.
You worshipped Trog.
Trog was pleased with you.
You visited 1 branch of the dungeon, and saw 2 of its levels.

You collected 43 gold pieces.

Inventory:

Hand Weapons
 a - a +0 spear (weapon)
Armour
 b - a +0 buckler (worn)
Scrolls
 c - a scroll of brand weapon {unknown}
 d - a scroll of immolation {unknown}
 e - a scroll of noise {unknown}


   Skills:
 + Level 3.9 Fighting
 + Level 3.6 Polearms
 + Level 3.2 Dodging
 + Level 0.2 Shields


You had 2 spell levels left.
You didn't know any spells.
Your spell library was empty.

Dungeon Overview and Level Annotations

Branches:
Dungeon (2/15)

Altars:

Annotations:
D:2 Robin


Innate Abilities, Weirdness & Mutations

Your plain brown scales are hard. (AC +5)
You cannot fit into any form of body armour.
You are cold-blooded and may be slowed by cold attacks.


Message History

You puncture the hobgoblin!
You kill the hobgoblin!
Trog accepts your kill. The goblin hits you with a +0 dagger.
The goblin misses you.
Things that are here:
a +0 dagger; a +0 dagger; a wand of acid (13)
You puncture the goblin!
You kill the goblin!
Trog accepts your kill. The goblin closely misses you.
You puncture the goblin!
You kill the goblin!
Trog accepts your kill.
You are no longer berserk.
You are exhausted.
You feel yourself slow down. The goblin misses you. The hobgoblin misses you.
The goblin barely misses you.
Things that are here:
a +0 club; a +0 club; a goblin corpse You closely miss the goblin.
The goblin misses you. The hobgoblin hits you.
The goblin hits you with a +0 club. x2
You completely miss the goblin. The goblin hits you with a +0 dagger.
The goblin hits you with a +0 club. You block the hobgoblin's attack.
The goblin closely misses you.
The hobgoblin hits you but does no damage.
The goblin barely misses you. The goblin hits you with a +0 club. x2
* * * LOW HITPOINT WARNING * * *
You barely miss the goblin. The goblin hits you but does no damage.
You block the goblin's attack. The hobgoblin misses you.
The goblin hits you with a +0 club.
* * * LOW HITPOINT WARNING * * *
You puncture the goblin!
You kill the goblin!
Trog accepts your kill. The goblin misses you. The goblin barely misses you.
The hobgoblin hits you.
* * * LOW HITPOINT WARNING * * *
You hit the goblin.
The goblin is heavily wounded.
The goblin barely misses you. The goblin hits you with a +0 club.
You die...

.......... #
#........
#.###.......
#..........
..........#
.......J..#
...[..gggg######
#@#.$....##
#######g#........
........#......#
...!....#......##.
.................
........#......##
........#......#
........#......#
........#......#


You could see Robin, an endoplasm, a hobgoblin (strong) and 3 goblins.

Vanquished Creatures
  A gnoll (D:1)
  2 dart slugs (D:1)
  5 ball pythons (D:1)
  4 endoplasms (D:1)
  A giant cockroach (D:1)
  7 goblins
  2 hobgoblins
  4 jackals (D:1)
  2 kobolds (D:1)
  4 bats (D:1)
  A rat (D:1)
33 creatures vanquished.

Notes
Turn   | Place    | Note
-------+----------+-------------------------------------------
     0 | D:1      | boopmooplesden the Draconian Berserker began the quest for
                  | the Orb.
     0 | D:1      | Reached XP level 1. HP: 19/19 MP: 1/1
    94 | D:1      | Reached XP level 2. HP: 26/27 MP: 2/2
   306 | D:1      | Reached XP level 3. HP: 26/33 MP: 3/3
   415 | D:1      | Reached ** piety under Trog
   470 | D:1      | You fall into a shaft and drop 1 floor!
   527 | D:2      | Noticed Robin
   545 | D:2      | Slain by a goblin

Illustrated notes

Levels and vault maps discovered:
D:1:      minmay_arrival_radiant_lines, layout_loops_ring
D:2:      layout_basic, basic_altar, uniq_robin

Skill      XL: |  1  2 |
---------------+-------+-----
Dodging        | 3 |  3.2
Fighting       | |  3.9
Polearms       | |  3.6
Shields        | |  0.2

Action                     || total
---------------------------++-------
  Melee: Spear             ||    82
         Tailslap          ||     9
 Invoke: Berserk           ||     1
 Armour: Skin              ||    24
  Dodge: Dodged            ||    60
  Block: Buckler           ||    13
